 Dungeon Sprint DCSS version 0.27-a0-93-g19769c27d7 (webtiles) character file.

Game seed: 2877015903283256739

6106 mhtbhm the Eclecticist (level 10, -4/47 (50) HPs)
             Began as a Deep Elf Earth Elementalist on Jan 16, 2021.
             Was a High Priest of Vehumet.
             Killed from afar by an orc sorcerer (36 damage)
             ... with a bolt of negative energy
             ... in the Dungeon (Sprint III: "The Ten Rune Challenge").
             The game lasted 00:06:15 (1689 turns).

mhtbhm the Eclecticist (DEEE)                       Turns: 1689, Time: 00:06:16

HP:   -4/47 (50)    AC:  7    Str:  5    XL:     10   Next: 58%
MP:   8/36          EV: 16    Int: 24    God:    Vehumet [*****.]
Gold: 40            SH:  0    Dex: 15    Spells: 31/50 levels left

rFire    . . .     SeeInvis .   (no weapon)
rCold    . . .     Faith    .   (no shield)
rNeg     . . .     Spirit   .   c - +0 robe
rPois    +         Reflect  .   (helmet restricted)
rElec    .         Harm     .   (no cloak)
rCorr    .         Rampage  .   o - +2 pair of gloves
Will     +....     Rnd*Rage +   (no boots) Stlth +++.......NoTele +
                                (no amulet)
HPRegen  0.15/turn              (no ring)
MPRegen  0.25/turn              (no ring)

@: drained
A: horns 1, iridescent scales 1, berserk 1, poison resistance, sturdy frame 1
a: Renounce Religion


You were in the Dungeon.
You worshipped Vehumet.
Vehumet was extremely pleased with you.
You visited 1 branch You collected 40 gold pieces.

Inventory:

Missiles
 b - 22 stones
Armour
 c - a +0 robe (worn)
 o - a +2 pair of gloves (worn)
Scrolls
 i - a scroll of blinking
 j - 2 scrolls of immolation {unknown}
 k - 4 scrolls of identify
 l - 3 scrolls of remove curse
Potions
 a - 2 potions of flight {unknown}
 d - 3 potions of curing
 f - a potion of haste
 g - 2 potions of magic
 h - 3 potions of berserk rage
 m - a potion of mutation
 n - a potion of might


   Skills:
 + Level 5.9 Dodging
 - Level 5.6 Stealth
 + Level 20.9 Spellcasting
 + Level 3.5 Conjurations
 + Level 3.3 Transmutations
 + Level 17.5 Earth Magic


You had 31 spell levels left.
You knew the following spells:

 Your Spells              Type           Power        Failure   Level
a - Sandblast             Erth           100%         0%          1
b - Passwall              Tmut/Erth      55%          1%          2
c - Stone Arrow           Conj/Erth      100%         1%          3
d - Lee's Rapid Deconstr  Erth           41%          1%          5
e - Petrify               Tmut/Erth      66%          1%          4
f - Sticky Flame          Conj/Fire      33%          2%          4

Your spell library contained the following spells:

 Spells                   Type           Power        Failure   Level
 Iskenderun's Mystic Bla  Conj/Tloc      33%          2%          4
 Animate Skeleton         Necr           50%          1%          1
 Apportation              Tloc           50%          1%          1
 Corona                   Hex            27%          1%          1
 Summon Small Mammal      Summ           100%         1%          1


Dungeon Overview and Level Annotations

Branches:
Dungeon (1/1)

Altars:
Cheibriados
Dithmenos
Elyvilon
Fedhas
Gozag
Hepliaklqana
Kikubaaqudgha
Makhleb
Nemelex Xobeh
Okawaru
Qazlal
Ru
Sif Muna
Trog
Uskayaw
Vehumet
Wu Jian
Xom
Yredelemnul
Zin
The Shining One
Beogh
Jiyva
Lugonu


Innate Abilities, Weirdness & Mutations

You have a pair of small horns on your head.
You are partially covered in iridescent scales. (AC +2)
You tend to lose your temper in combat.
Your system is resistant to poisons. (rPois)
Your movements are slightly less encumbered by armour. (ER -2)


Message History

The orc sorcerer is heavily wounded.
Vehumet accepts your kill.
You feel your power returning.
You feel a bit more experienced.
The orc sorcerer gestures wildly while chanting.
Unknown command.
Unknown command.
Casting: Lee's Rapid Deconstruction (safe; 1% risk of failure)
Confirm with . or Enter, or press ? or * to list all spells.
Aiming: Petrify (safe; 1% risk of failure)
Press: ? - help, Shift-Dir - straight line, f - orc warrior
Aim: an orc warrior, wielding a +0 mace and wearing a +0 plate armour (strong, chance to affect: 78%)
The orc warrior is moving more slowly.
The orc priest looks satisfied for a moment.
The orc sorcerer mumbles some strange words.
The orc priest calls upon Beogh to heal the orc sorcerer.
The orc sorcerer is healed somewhat.
The orc sorcerer casts a spell at you. The bolt of negative energy hits you!!!
You feel drained.
Ouch! That really hurt!
You die...

##..#___#___#__#$$$$#
.#..#.).#__)#._#....
.#..###'#'###'##4$.
'#..#..........#oo
#...'.⌠........#)#
#...#...######'#)#
....#.⌠.#__#...#)################
....#...#__#...#).≈§§'§#.)...'.#.
....#'###__#...#@#§§§#§#.#...##.#
....#.).#__#...o.#.§.#.#.#...#.#.
....#___#__'...#.#§§.#...#...##.#
▓▓▓▓▓▓▓▓▓▓▓▓▓▓▓▓▓▓▓▓▓▓▓▓▓▓▓▓▓#.#.
♣≈≈≈........≈≈≈...##.#
+♣≈≈≈≈≈≈≈≈≈≈≈≈♣♣P.'.#.
♣♣♣♣♣♣♣♣♣♣♣♣♣♣♣PP##.# ♣♣♣# +#


You could see a chaos spawn (summoned), an orc sorcerer, an orc warrior (strong,
petrifying) and an orc priest (strong).

Vanquished Creatures
  Erica (D)
  A centaur warrior (D)
  An orc high priest (D)
  An unseen horror (D)
  An orc knight (D)
  A deep elf mage (D)
  3 orc sorcerers (D)
  3 wandering mushrooms (D)
  A shadow (D)
  A spatial vortex (D)
  A necrophage (D)
  2 centaurs (D)
  An earth elemental (D)
  A water elemental (D)
  A scorpion (D)
  A jelly (D)
  A wizard (D)
  An orc wizard (D)
  A necromancer (D)
  3 humans (D)
  A kobold demonologist (D)
  An ooze (D)
  5 orcs (D)
  A hobgoblin (D)
  3 rats (D)
38 creatures vanquished.

Notes
Turn   | Place    | Note
-------+----------+-------------------------------------------
     0 | D        | mhtbhm the Deep Elf Earth Elementalist began the quest for
                  | the Orb.
     0 | D        | Reached XP level 1. HP: 10/10 MP: 6/6
   163 | D        | Noticed a scorpion
   175 | D        | Reached skill level 4 in Spellcasting
   175 | D        | Reached skill level 5 in Earth Magic
   175 | D        | Reached XP level 2. HP: 3/15 MP: 0/9
   513 | D        | Killed a scorpion
   514 | D        | Reached skill level 6 in Spellcasting
   514 | D        | Reached XP level 3. HP: 19/19 MP: 8/13
   514 | D        | Reached XP level 4. HP: 24/24 MP: 8/14
   677 | D        | Gained mutation: You expend magic power (3 MP) to
                  | strengthen your wands. [potion of mutation]
   677 | D        | Lost mutation: You expend magic power (3 MP) to strengthen
                  | your wands. [potion of mutation]
   677 | D        | Gained mutation: You have sharp toenails. [potion of
                  | mutation]
   681 | D        | Lost mutation: You have sharp toenails. [potion of
                  | mutation]
   681 | D        | Gained mutation: You expend magic power (3 MP) to
                  | strengthen your wands. [potion of mutation]
   681 | D        | Gained mutation: You tend to lose your temper in combat.
                  | [potion of mutation]
   681 | D        | Gained mutation: You are covered in fur. (AC +1) [potion of
                  | mutation]
   681 | D        | Gained mutation: You are partially covered in iridescent
                  | scales. (AC +2) [potion of mutation]
   682 | D        | Lost mutation: You are covered in fur. (AC +1) [potion of
                  | mutation]
   682 | D        | Lost mutation: You expend magic power (3 MP) to strengthen
                  | your wands. [potion of mutation]
   682 | D        | Gained mutation: You have a pair of small horns on your
                  | head. [potion of mutation]
   682 | D        | Gained mutation: Your movements are slightly less
                  | encumbered by armour. (ER -2) [potion of mutation]
   682 | D        | Gained mutation: Your system is resistant to poisons.
                  | (rPois) [potion of mutation]
   688 | D        | Learned a level 2 spell: Passwall
   692 | D        | Learned a level 3 spell: Stone Arrow
   692 | D        | Upgraded the game from 0.27-a0-92-g39ad13b146 to
                  | 0.27-a0-93-g19769c27d7
   692 | D        | Noticed a water elemental
   694 | D        | Killed a water elemental
   695 | D        | Reached skill level 7 in Spellcasting
   700 | D        | Found a radiant altar of Vehumet.
   700 | D        | Found a shimmering blue altar of Sif Muna.
   700 | D        | Found an ancient bone altar of Kikubaaqudgha.
   700 | D        | Noticed a wizard
   701 | D        | Killed a wizard
   702 | D        | Reached skill level 8 in Spellcasting
   702 | D        | Reached XP level 5. HP: 28/28 MP: 13/18
   710 | D        | Became a worshipper of Vehumet
   753 | D        | Learned a level 5 spell: Lee's Rapid Deconstruction
   753 | D        | Found a glowing silver altar of Zin.
   753 | D        | Found a glowing golden altar of the Shining One.
   753 | D        | Found a white marble altar of Elyvilon.
   753 | D        | Noticed a deep elf mage
   755 | D        | Killed a deep elf mage
   756 | D        | Reached skill level 5 in Dodging
   756 | D        | Reached skill level 5 in Stealth
   756 | D        | Reached skill level 12 in Spellcasting
   756 | D        | Reached XP level 6. HP: 32/32 MP: 8/23
   756 | D        | Reached XP level 7. HP: 36/36 MP: 8/25
   845 | D        | Found a hide-covered altar of Uskayaw.
   845 | D        | Found a roughly hewn altar of Beogh.
   845 | D        | Found an iron altar of Okawaru.
   845 | D        | Found a bloodstained altar of Trog.
   845 | D        | Found an ornate altar of the Wu Jian Council.
   845 | D        | Noticed a human
   845 | D        | Noticed a human
   847 | D        | Killed a human
   847 | D        | Killed a human
   847 | D        | Reached * piety under Vehumet
   847 | D        | Offered knowledge of Shock by Vehumet.
   848 | D        | Reached skill level 14 in Spellcasting
   924 | D        | Found a basalt altar of Yredelemnul.
   924 | D        | Found a shadowy altar of Dithmenos.
   924 | D        | Found a sacrificial altar of Ru.
  1003 | D        | Offered knowledge of Magic Dart by Vehumet.
  1003 | D        | Reached ** piety under Vehumet
  1003 | D        | Noticed a shadow
  1007 | D        | Killed a shadow
  1008 | D        | Reached skill level 15 in Spellcasting
  1008 | D        | Reached XP level 8. HP: 41/41 MP: 8/29
  1110 | D        | Found a blossoming altar of Fedhas.
  1110 | D        | Found a stormy altar of Qazlal.
  1110 | D        | Found a snail-covered altar of Cheibriados.
  1110 | D        | Found a burning altar of Makhleb.
  1110 | D        | Found a shimmering altar of Xom.
  1111 | D        | Found a hazy altar of Hepliaklqana.
  1111 | D        | Found an opulent altar of Gozag.
  1111 | D        | Found a sparkling altar of Nemelex Xobeh.
  1111 | D        | Found a corrupted altar of Lugonu.
  1111 | D        | Found a viscous altar of Jiyva.
  1175 | D        | Noticed Erica
  1181 | D        | Learned a level 4 spell: Petrify
  1187 | D        | Killed Erica
  1187 | D        | Offered knowledge of Frozen Ramparts by Vehumet.
  1188 | D        | Reached skill level 16 in Spellcasting
  1188 | D        | Reached skill level 1 in Conjurations
  1255 | D        | Reached *** piety under Vehumet
  1256 | D        | Reached skill level 17 in Spellcasting
  1256 | D        | Reached XP level 9. HP: 45/45 MP: 20/32
  1320 | D        | Noticed a centaur warrior
  1321 | D        | Killed a centaur warrior
  1322 | D        | Reached skill level 18 in Spellcasting
  1322 | D        | Reached skill level 15 in Earth Magic
  1322 | D        | Offered knowledge of Sticky Flame by Vehumet.
  1329 | D        | Learned a level 4 spell: Sticky Flame
  1493 | D        | Killed an unseen horror
  1493 | D        | Reached **** piety under Vehumet
  1493 | D        | Offered knowledge of Lightning Bolt by Vehumet.
  1502 | D        | Noticed a wandering mushroom
  1506 | D        | Noticed a wandering mushroom
  1509 | D        | Killed a wandering mushroom
  1510 | D        | Reached skill level 19 in Spellcasting
  1511 | D        | Noticed a wandering mushroom
  1517 | D        | Killed a wandering mushroom
  1523 | D        | Killed a wandering mushroom
  1524 | D        | Reached XP level 10. HP: 50/50 MP: 6/35
  1668 | D        | Noticed an orc sorcerer
  1670 | D        | Reached ***** piety under Vehumet
  1670 | D        | Offered knowledge of Iskenderun's Mystic Blast by Vehumet.
  1670 | D        | Noticed an orc sorcerer
  1670 | D        | Noticed an orc knight
  1673 | D        | Paralysed by an orc sorcerer for 6 turns
  1682 | D        | Killed an orc sorcerer
  1682 | D        | Noticed an orc high priest
  1683 | D        | Killed an orc knight
  1684 | D        | Reached skill level 20 in Spellcasting
  1685 | D        | Killed an orc sorcerer
  1686 | D        | Noticed an orc sorcerer
  1686 | D        | Killed an orc sorcerer
  1686 | D        | Killed an orc high priest
  1689 | D        | Killed from afar by an orc sorcerer

Illustrated notes

Levels and vault maps discovered:
D:        dungeon_sprint_mu [sprint_mu_entry_cave, sprint_mu_temple_rooms,
          sprint_mu_d1_horrors, sprint_mu_d2_genie, sprint_mu_d3_branching,
          sprint_mu_orc_legion, sprint_mu_elf_gauntlet, sprint_mu_hive_nellie,
          sprint_mu_lair_fedhas, sprint_mu_vaults_butterflies,
          sprint_mu_slime_circle, sprint_mu_swamp_cave, sprint_mu_snake_twists,
          sprint_mu_blade_basic, sprint_mu_crypt_lich, sprint_mu_tomb_spiral,
          sprint_mu_vestibule_basic, sprint_mu_gehenna_hellfire,
          sprint_mu_dis_giant, sprint_mu_tartarus_statrot,
          sprint_mu_cocytus_islands, sprint_mu_zot1]

Skill      XL: |  1  2  3  4  5  6  7  8  9 10 |
---------------+-------------------------------+-----
Earth Magic    | 5 7 8 11 13 14 16 17 | 17.5
Dodging        | 3 4 5 |  5.9
Stealth        | 3 4 5 |  5.6
Spellcasting   | 4 6 8 12 15 17 19 20 | 20.9
Conjurations   | 1 2 3 |  3.5
Transmutations | 2 3 |  3.3

Action                   |  1- 3 |  4- 6 |  7- 9 | 10-12 || total
-------------------------+-------+-------+-------+-------++-------
 Cast: Sandblast         |    15 |     5 |     1 |       ||    21
       Lee's Rapid Decon |       |     2 |    22 |     8 ||    32
       Stone Arrow       |       |       |    11 |       ||    11
       Petrify           |       |       |     1 |     1 ||     2
  Use: Potion            |       |     3 |       |     1 ||     4
Armor: Robe              |     1 |       |     2 |     1 ||     4
Dodge: Dodged            |     2 |       |       |       ||     2

Table legend: (Time is in decaauts)
 A = Elapsed time spent in this place.
 B = Non-inter-level travel time spent in this place.
 C = Inter-level travel time spent in this place.
 D = Time resting spent in this place.
 E = Time spent auto-exploring this place.
 F = Levels seen in this place.
 G = Mean time per level.
                   A        B        C        D        E       F      G
               +--------+--------+--------+--------+--------+-----+--------+
         Total |   1695 |   1670 |     25 |   1314 |     14 |   1 | 1695.0 |
       Dungeon |   1695 |   1670 |     25 |   1314 |     14 |   1 | 1695.0 |
               +--------+--------+--------+--------+--------+-----+--------+

Top non-repeatable levels by time:
       D: 1695 daAuts
